Map: Acid Plant LE

Players

coldhand - Winner!

  • Race: Terran Terran
  • Spawn Location: 5:00

A.I. 1 (Easy)

  • Race: Protoss Protoss
  • Spawn Location: 11:00

VOD

Have the link to the VOD?

Description

Time

  • Played on: March 24, 2018, 11:54 a.m.
  • Length: 12:44
Show
View Real Time Build Order
Export as new Build Order

coldhand Terran - Winner!

Build Orders: MMM Bio 

Get SALT Encoding   

  12  0:02  SCV  
  13  0:14  SCV  
  14  0:20  Supply Depot  
  14  0:26  SCV  
  15  0:41  SCV  
  16  0:44  Barracks  
  16  0:54  SCV  
  16  0:56  Refinery  
  17  1:02  Supply Depot  
  17  1:06  SCV  
  18  1:18  SCV  
  19  1:31  Orbital Command  
  19  1:32  Marine  
  20  1:51  Command Center  
  20  1:55  Barracks Reactor  
  20  1:57  SCV  
  21  2:10  SCV  
  22  2:17  Barracks  
  22  2:23  SCV  
  22  2:24  Factory  
  23  2:32  Marine  
  23  2:33  Marine  
  23  2:35  SCV  
  26  2:41  Refinery  
  26  2:47  SCV  
  27  2:56  Marine x2  
  29  2:59  SCV  
  29  3:03  Orbital Command  
  30  3:09  Barracks Tech Lab, Factory Reactor  
  30  3:11  SCV  
  31  3:13  Marine  
  31  3:14  Marine  
  33  3:31  Starport  
  33  3:35  SCV  
  33  3:37  Marine x3  
  33  3:39  SCV  
  38  3:45  Stimpack  
  38  3:47  SCV  
  39  3:51  SCV  
  40  3:56  Marine  
  40  3:57  Marine x2  
  40  3:59  SCV  
  44  4:03  SCV, Supply Depot  
  44  4:06  Supply Depot  
  45  4:14  Marine  
  45  4:15  Marine x2  
  48  4:18  Medivac  
  48  4:19  Medivac  
  48  4:22  SCV x2  
  54  4:27  Supply Depot  
  54  4:28  Supply Depot  
  54  4:31  Marine  
  54  4:32  Marine  
  54  4:33  Marine  
  54  4:34  SCV x2  
  54  4:36  Engineering Bay  
  59  4:39  Engineering Bay  
  59  4:46  SCV x2  
  59  4:50  Refinery  
  59  4:52  Refinery  
  61  4:55  Marine  
  61  4:58  SCV x2  
  64  5:00  Medivac  
  66  5:10  SCV x2  
  68  5:20  Terran Infantry Weapons Level 1  
  68  5:23  Terran Infantry Armor Level 1  
  69  5:28  SCV x2  
  69  5:29  Marine x3  
  73  5:41  SCV x2, Supply Depot  
  75  5:43  Supply Depot  
  75  5:46  Combat Shields  
  75  5:47  Marine x2  
  77  5:53  SCV  
  77  5:54  SCV  
  76  5:59  Barracks x3  
  76  6:02  Barracks, Supply Depot  
  76  6:06  SCV x2  
  73  6:24  SCV x2  
  65  6:34  Supply Depot  
  65  6:35  Supply Depot  
  65  6:36  SCV, Supply Depot x2  
  65  6:37  SCV  
  65  6:47  Barracks Tech Lab x2  
  65  6:49  Barracks Tech Lab  
  65  6:51  Barracks Reactor  
  65  6:52  SCV x2  
  67  7:02  Supply Depot x2  
  67  7:06  Armory, Marine x2  
  67  7:07  Marauder  
  73  7:08  Marauder  
  73  7:09  Marauder x2  
  77  7:20  Medivac x2  
  81  7:24  Marine x2  
  81  7:28  Marauder  
  87  7:30  Marauder x2  
  87  7:31  Marauder  
  91  7:43  Marine x3  
  91  7:44  Marine  
  94  7:50  Medivac x2, Marauder  
  104  7:51  SCV x2, Marauder x2  
  104  7:52  Marauder  
  109  8:15  Marauder x2  
  109  8:16  Marine x3, Supply Depot x2, Marauder x2  
  109  8:17  Marine  
  121  8:20  Medivac x2  
  121  8:24  Command Center  
  125  8:51  Refinery, Marauder x3  
  125  8:52  Marine x3, Marauder  
  125  8:53  Marine  
  125  8:54  Medivac, Missile Turret  
  125  8:55  Medivac  
  141  8:56  Refinery  
  141  9:23  Marauder x3  
  141  9:24  Marine x3, Marauder  
  149  9:25  Marine  
  149  9:26  Medivac x2  
  149  9:28  Terran Infantry Armor Level 2, Terran Infantry Weapons Level 2  
  125  9:41  Orbital Command  
  125  9:48  Marauder x4  
  125  9:49  Marine x4  
  136  9:57  Medivac  
  136  9:58  Medivac  
  137  10:06  Marine  
  137  10:07  Marine x3  
  136  10:09  Marauder x2  
  136  10:10  Marauder x2  
  132  10:26  SCV x3  
  125  10:28  Marine  
  125  10:29  Marine x3  
  125  10:31  Marauder x4  
  136  10:39  Medivac x2  
  135  10:46  Marine x3  
  135  10:47  Marine  
  135  10:48  Supply Depot  
  137  10:52  Marauder x3  
  137  10:53  Supply Depot, Marauder  
  130  11:46  Ghost Academy  
  130  11:48  Marauder  
  130  11:49  Marauder x3  
  130  11:52  Marine  
  130  11:53  Marine x3  
  142  11:56  Medivac x2  
  146  12:10  Marine x2, Marauder x4  
  146  12:11  Marine x2  
Show
View Real Time Build Order
Export as new Build Order

A.I. 1 (Easy) Protoss 

Build Orders:  

Get SALT Encoding   

  12  0:00  Probe  
  13  0:13  Probe  
  14  0:20  Pylon  
  14  0:25  Probe  
  15  0:34  Probe  
  16  0:45  Assimilator  
  16  0:50  Gateway  
  16  0:54  Pylon  
  16  1:19  Assimilator  
  16  1:29  Zealot  
  16  1:39  Cybernetics Core  
  18  2:08  Probe  
  18  2:10  Pylon  
  19  2:17  Stalker  
  19  2:18  Probe, Warp Gate  
  22  2:29  Probe  
  23  2:41  Probe  
  24  2:46  Adept  
  26  2:53  Probe  
  27  3:05  Probe  
  28  3:22  Stalker  
  30  3:51  Adept  
  32  5:48  Probe  
  32  5:55  Zealot  
  32  5:56  Probe  
  21  6:05  Probe  
  21  6:11  Pylon  
  18  6:13  Probe  
  17  6:21  Probe  
  3  6:33  Probe  
  3  6:45  Probe  
  4  6:57  Probe  
  5  7:07  Probe  
  5  7:15  Probe, Pylon  
  6  7:18  Pylon, Nexus  
  7  7:23  Probe  
  7  7:25  Robotics Facility  
  8  7:35  Probe  
  9  7:43  Zealot  
  11  7:47  Probe  
  12  8:00  Probe  
  13  8:07  Stalker  
  13  8:12  Probe  
  16  8:14  Observer  
  17  8:22  Probe  
  18  8:30  Probe, Stalker  
  18  8:31  Probe  
  21  8:35  Observer  
  21  8:36  Assimilator  
  21  8:40  Probe  
  23  8:42  Probe  
  25  8:52  Probe  
  25  8:54  Stalker  
  25  8:55  Probe  
  29  9:04  Probe  
  29  9:09  Immortal  
  35  9:16  Probe  
  32  9:23  Zealot  
  34  9:28  Probe  
  35  9:40  Probe, Nexus  
  36  9:48  Immortal  
  36  9:53  Probe  
  31  10:06  Stalker  
  33  10:15  Probe, Nexus  
  34  10:23  Probe  
  35  10:30  Stalker  
  35  10:31  Probe  
  38  10:42  Probe  
  39  10:51  Pylon  
  39  10:53  Zealot  
  39  10:54  Probe  
  33  11:10  Probe  
  34  11:17  Stalker  
  36  11:18  Probe  
  30  11:36  Zealot  
  23  11:45  Pylon  
  23  11:51  Zealot  
  22  11:55  Pylon  
  17  12:07  Probe  
  18  12:11  Stalker  
  15  12:25  Pylon  
  13  12:30  Zealot  
Tags
 
Composition
MMM Bio
Matchup
PvT
Replay Pack
24 marzo
Spawn Locations
Cross Positions
Add a new tag
Caveats
  • Supply blocks, unpowered buildings, or Contaminate may cause inaccurate times.
  • Supply counts are checked every 10 seconds.